Workbook

Sheet Revenue Build 
B2: Snap Inc. (SNAP)
B3: Revenue Build ($mm unless noted otherwise) | C3: 44256 | D3: =EOMONTH(C3,3) | E3: =EOMONTH(D3,3) | F3: =EOMONTH(E3,3) | G3: 44531 | H3: =EOMONTH(F3,3) | I3: =EOMONTH(H3,3) | J3: =EOMONTH(I3,3) | K3: =EOMONTH(J3,3) | L3: =EOMONTH(G3,12) | M3: =EOMONTH(K3,3) | N3: =EOMONTH(M3,3) | O3: =EOMONTH(N3,3) | P3: =EOMONTH(O3,3) | Q3: =EOMONTH(L3,12) | R3: =EOMONTH(M3,12) | S3: =EOMONTH(N3,12) | T3: =EOMONTH(O3,12) | U3: =EOMONTH(P3,12) | V3: =EOMONTH(Q3,12) | W3: =EOMONTH(R3,12) | X3: =EOMONTH(S3,12) | ... AA3: =EOMONTH(V3,12) | AB3: =EOMONTH(Z3,3) | AC3: =EOMONTH(AB3,3) | AD3: =EOMONTH(AC3,3) | AE3: =EOMONTH(AD3,3) | AF3: =EOMONTH(AA3,12) | AG3: =EOMONTH(AE3,3) | AH3: =EOMONTH(AG3,3) | AI3: =EOMONTH(AH3,3) | AJ3: =EOMONTH(AI3,3) | AK3: =EOMONTH(AF3,12) | AL3: =EOMONTH(AJ3,3) | AM3: =EOMONTH(AL3,3) | AN3: =EOMONTH(AM3,3) | AO3: =EOMONTH(AN3,3) | AP3: =EOMONTH(AK3,12)
C4: Q1-2021 | D4: =CONCATENATE("Q2","-",RIGHT(C4,4)) | E4: =CONCATENATE("Q3","-",RIGHT(D4,4)) | F4: =CONCATENATE("Q4","-",RIGHT(E4,4)) | G4: FY2021A | H4: Q1-2022 | I4: =CONCATENATE("Q2","-",RIGHT(H4,4)) | J4: =CONCATENATE("Q3","-",RIGHT(I4,4)) | K4: =CONCATENATE("Q4","-",RIGHT(J4,4)) | L4: FY2022A | M4: Q1-2023 | N4: Q2-2023 | O4: Q3-2023 | P4: Q4-2023 | Q4: FY2023A | R4: Q1-2024 | S4: =CONCATENATE("Q2","-",RIGHT(R4,4)) | T4: =CONCATENATE("Q3","-",RIGHT(S4,4)) | U4: =CONCATENATE("Q4","-",RIGHT(T4,4)) | V4: FY2024A | W4: Q1-2025 | X4: =CONCATENATE("Q2","-",RIGHT(W4,4)) | Y4: =CONCATENATE("Q3","-",RIGHT(X4,4)) | Z4: =CONCATENATE("Q4","-",RIGHT(Y4,4)) | AA4: FY2025A | AB4: Q1-2026 | AC4: =CONCATENATE("Q2","-",RIGHT(AB4,4)) | AD4: =CONCATENATE("Q3","-",RIGHT(AC4,4)) | AE4: =CONCATENATE("Q4","-",RIGHT(AD4,4)) | AF4: FY2026E | AG4: Q1-2027 | AH4: =CONCATENATE("Q2","-",RIGHT(AG4,4)) | AI4: =CONCATENATE("Q3","-",RIGHT(AH4,4)) | AJ4: =CONCATENATE("Q4","-",RIGHT(AI4,4)) | AK4: FY2027E | AL4: Q1-2028 | AM4: =CONCATENATE("Q2","-",RIGHT(AL4,4)) | AN4: =CONCATENATE("Q3","-",RIGHT(AM4,4)) | AO4: =CONCATENATE("Q4","-",RIGHT(AN4,4)) | AP4: FY2028E
B7: North America Average Daily Active Users, mm DAU | C7: 93 | D7: 95 | E7: 96 | F7: 97 | G7: =AVERAGE(C7:F7) | H7: 98 | I7: 99 | J7: 100 | K7: 100 | L7: =AVERAGE(H7:K7) | M7: 100 | N7: 101 | O7: 101 | P7: 100 | Q7: =AVERAGE(M7:P7) | R7: 100 | S7: 100 | T7: 100 | U7: 100 | V7: =AVERAGE(R7:U7) | W7: 99 | X7: 98 | Y7: 98 | Z7: 94 | AA7: =AVERAGE(W7:Z7)
B8: Europe Average Daily Active Users, mm DAU | C8: 77 | D8: 78 | E8: 80 | F8: 82 | G8: =AVERAGE(C8:F8) | H8: 84 | I8: 86 | J8: 88 | K8: 92 | L8: =AVERAGE(H8:K8) | M8: 93 | N8: 94 | O8: 95 | P8: 96 | Q8: =AVERAGE(M8:P8) | R8: 96 | S8: 97 | T8: 99 | U8: 99 | V8: =AVERAGE(R8:U8) | W8: 99 | X8: 100 | Y8: 100 | Z8: 98 | AA8: =AVERAGE(W8:Z8)
B9: Rest of World Average Daily Active Users, mm DAU | C9: 111 | D9: 120 | E9: 130 | F9: 140 | G9: =AVERAGE(C9:F9) | H9: 150 | I9: 162 | J9: 175 | K9: 183 | L9: =AVERAGE(H9:K9) | M9: 190 | N9: 202 | O9: 211 | P9: 218 | Q9: =AVERAGE(M9:P9) | R9: 226 | S9: 235 | T9: 244 | U9: 254 | V9: =AVERAGE(R9:U9) | W9: 262 | X9: 271 | Y9: 280 | Z9: 282 | AA9: =AVERAGE(W9:Z9)
B10: Total Average Daily Active Users, mm DAU | C10: =SUM(C7:C9) | D10: =SUM(D7:D9) | E10: =SUM(E7:E9) | F10: =SUM(F7:F9) | G10: =SUM(G7:G9) | H10: =SUM(H7:H9) | I10: =SUM(I7:I9) | J10: =SUM(J7:J9) | ... AA10: =SUM(AA7:AA9) | AB10: =W10*(1+AB12) | AC10: =X10*(1+AC12) | AD10: =Y10*(1+AD12) | AE10: =Z10*(1+AE12) | AF10: =AVERAGE(AB10:AE10) | AG10: =AB10*(1+AG12) | AH10: =AC10*(1+AH12) | AI10: =AD10*(1+AI12) | AJ10: =AE10*(1+AJ12) | AK10: =AVERAGE(AG10:AJ10) | AL10: =AG10*(1+AL12) | AM10: =AH10*(1+AM12) | AN10: =AI10*(1+AN12) | AO10: =AJ10*(1+AO12) | AP10: =AVERAGE(AL10:AO10)
B11: Q/Q Total Average Daily Active Users growth, % | D11: =D10/C10-1 | E11: =E10/D10-1 | F11: =F10/E10-1 | H11: =H10/F10-1 | I11: =I10/H10-1 | J11: =J10/I10-1 | K11: =K10/J10-1 | M11: =M10/K10-1 | N11: =N10/M10-1 | O11: =O10/N10-1 | P11: =P10/O10-1 | R11: =R10/P10-1 | S11: =S10/R10-1 | T11: =T10/S10-1 | U11: =U10/T10-1 | W11: =W10/U10-1 | X11: =X10/W10-1 | Y11: =Y10/X10-1 | Z11: =Z10/Y10-1 | AB11: =AB10/Z10-1 | AC11: =AC10/AB10-1 | AD11: =AD10/AC10-1 | AE11: =AE10/AD10-1 | AG11: =AG10/AE10-1 | AH11: =AH10/AG10-1 | AI11: =AI10/AH10-1 | AJ11: =AJ10/AI10-1 | AL11: =AL10/AJ10-1 | AM11: =AM10/AL10-1 | AN11: =AN10/AM10-1 | AO11: =AO10/AN10-1
B12: Y/Y Total Average Daily Active Users growth, % | H12: =H10/C10-1 | I12: =I10/D10-1 | J12: =J10/E10-1 | K12: =K10/F10-1 | L12: =L10/G10-1 | M12: =M10/H10-1 | N12: =N10/I10-1 | O12: =O10/J10-1 | ... AA12: =AA10/V10-1 | AB12: 0.06 | AC12: 0.06 | AD12: 0.06 | AE12: 0.06 | AF12: =AF10/AA10-1 | AG12: 0.04 | AH12: 0.04 | AI12: 0.04 | AJ12: 0.04 | AK12: =AK10/AF10-1 | AL12: 0.03 | AM12: 0.03 | AN12: 0.03 | AO12: 0.03 | AP12: =AP10/AK10-1
B14: Advertising Build
B15: Total Advertising Revenue, mm | C15: =C42 | D15: =D42 | E15: =E42 | F15: =F42 | G15: =G42 | H15: =H42 | I15: =I42 | J15: =J42 | ... N15: =N42 | O15: 1115 | P15: 1258 | Q15: =SUM(M15:P15) | R15: 1108 | S15: 1132.067 | T15: 1249.322 | U15: 1414.314 | V15: =SUM(R15:U15) | W15: 1210.869 | X15: 1173.548 | Y15: 1317.119 | Z15: 1484.541 | AA15: =SUM(W15:Z15) | AB15: =AB20*AB10 | AC15: =AC20*AC10 | AD15: =AD20*AD10 | AE15: =AE20*AE10 | AF15: =AF20*AF10 | AG15: =AG20*AG10 | AH15: =AH20*AH10 | AI15: =AI20*AI10 | ... AP15: =AP20*AP10
B16: Q/Q Total Advertising Revenue growth, % | D16: =D15/C15-1 | E16: =E15/D15-1 | F16: =F15/E15-1 | H16: =H15/F15-1 | I16: =I15/G15-1 | J16: =J15/H15-1 | K16: =K15/I15-1 | M16: =M15/K15-1 | N16: =N15/L15-1 | O16: =O15/M15-1 | P16: =P15/N15-1 | R16: =R15/P15-1 | S16: =S15/Q15-1 | T16: =T15/R15-1 | U16: =U15/S15-1 | W16: =W15/U15-1 | X16: =X15/V15-1 | Y16: =Y15/W15-1 | Z16: =Z15/X15-1 | AB16: =AB15/Z15-1 | AC16: =AC15/AA15-1 | AD16: =AD15/AB15-1 | AE16: =AE15/AC15-1 | AG16: =AG15/AE15-1 | AH16: =AH15/AF15-1 | AI16: =AI15/AG15-1 | AJ16: =AJ15/AH15-1 | AL16: =AL15/AJ15-1 | AM16: =AM15/AK15-1 | AN16: =AN15/AL15-1 | AO16: =AO15/AM15-1
B17: Y/Y Total Advertising Revenue growth, % | H17: =H15/C15-1 | I17: =I15/D15-1 | J17: =J15/E15-1 | K17: =K15/F15-1 | L17: =L15/G15-1 | M17: =M15/H15-1 | N17: =N15/I15-1 | O17: =O15/J15-1 | ... AP17: =AP15/AK15-1
B18: Total Advertising Revenue, % of Total Revenue | C18: =C15/C42 | D18: =D15/D42 | E18: =E15/E42 | F18: =F15/F42 | G18: =G15/G42 | H18: =H15/H42 | I18: =I15/I42 | J18: =J15/J42 | ... AP18: =AP15/AP42
B20: Total Advertising Revenue per DAU, mm | C20: =C15/C10 | D20: =D15/D10 | E20: =E15/E10 | F20: =F15/F10 | G20: =G15/G10 | H20: =H15/H10 | I20: =I15/I10 | J20: =J15/J10 | ... AA20: =AA15/AA10 | AB20: =W20*(1+AB22) | AC20: =X20*(1+AC22) | AD20: =Y20*(1+AD22) | AE20: =Z20*(1+AE22) | AF20: =SUM(AB20:AE20) | AG20: =AB20*(1+AG22) | AH20: =AC20*(1+AH22) | AI20: =AD20*(1+AI22) | AJ20: =AE20*(1+AJ22) | AK20: =SUM(AG20:AJ20) | AL20: =AG20*(1+AL22) | AM20: =AH20*(1+AM22) | AN20: =AI20*(1+AN22) | AO20: =AJ20*(1+AO22) | AP20: =SUM(AL20:AO20)
B21: Q/Q Total Advertising Revenue per DAU growth, % | D21: =D20/C20-1 | E21: =E20/D20-1 | F21: =F20/E20-1 | H21: =H20/F20-1 | I21: =I20/G20-1 | J21: =J20/H20-1 | K21: =K20/I20-1 | M21: =M20/K20-1 | N21: =N20/L20-1 | O21: =O20/M20-1 | P21: =P20/N20-1 | R21: =R20/P20-1 | S21: =S20/Q20-1 | T21: =T20/R20-1 | U21: =U20/S20-1 | W21: =W20/U20-1 | X21: =X20/V20-1 | Y21: =Y20/W20-1 | Z21: =Z20/X20-1 | AB21: =AB20/Z20-1 | AC21: =AC20/AB20-1 | AD21: =AD20/AC20-1 | AE21: =AE20/AD20-1 | AG21: =AG20/AE20-1 | AH21: =AH20/AG20-1 | AI21: =AI20/AH20-1 | AJ21: =AJ20/AI20-1 | AL21: =AL20/AJ20-1 | AM21: =AM20/AL20-1 | AN21: =AN20/AM20-1 | AO21: =AO20/AN20-1
B22: Y/Y Total Advertising Revenue per DAU growth, % | H22: =H20/C20-1 | I22: =I20/D20-1 | J22: =J20/E20-1 | K22: =K20/F20-1 | L22: =L20/G20-1 | M22: =M20/H20-1 | N22: =N20/I20-1 | O22: =O20/J20-1 | ... AA22: =AA20/V20-1 | AB22: -0.01 | AC22: -0.005 | AD22: 0.01 | AE22: 0.02 | AF22: =AF20/AA20-1 | AG22: 0.04 | AH22: 0.06 | AI22: 0.08 | AJ22: 0.1 | AK22: =AK20/AF20-1 | AL22: 0.11 | AM22: 0.12 | AN22: 0.13 | AO22: 0.135 | AP22: =AP20/AK20-1
B23: Q/Q Abs | D23: =D20-C20 | E23: =E20-D20 | F23: =F20-E20 | H23: =H20-F20 | I23: =I20-H20 | J23: =J20-I20 | K23: =K20-J20 | M23: =M20-K20 | N23: =N20-M20 | O23: =O20-N20 | P23: =P20-O20 | R23: =R20-P20 | S23: =S20-R20 | T23: =T20-S20 | U23: =U20-T20 | W23: =W20-U20 | X23: =X20-W20 | Y23: =Y20-X20 | Z23: =Z20-Y20 | AB23: =AB20-Z20 | AC23: =AC20-AB20 | AD23: =AD20-AC20 | AE23: =AE20-AD20 | AG23: -$0.49 | AH23: -$0.13 | AI23: $0.25 | AJ23: $0.38 | AL23: -$0.49 | AM23: -$0.13 | AN23: $0.25 | AO23: $0.38
B24: Y/Y Abs | H24: =H20-C20 | I24: =I20-D20 | J24: =J20-E20 | K24: =K20-F20 | L24: =L20-G20 | M24: =M20-H20 | N24: =N20-I20 | O24: =O20-J20 | ... AP24: =AP20-AK20
B26: Subscription Build
B27: Total Subscription Revenue, mm | O27: =O42-O15 | P27: =P42-P15 | Q27: =Q42-Q15 | R27: =R42-R15 | S27: =S42-S15 | T27: =T42-T15 | U27: =U42-U15 | V27: =V42-V15 | ... AA27: =AA42-AA15 | AB27: =AB32*AB34 | AC27: =AC32*AC34 | AD27: =AD32*AD34 | AE27: =AE32*AE34 | AF27: =SUM(AB27:AE27) | AG27: =AG32*AG34 | AH27: =AH32*AH34 | AI27: =AI32*AI34 | AJ27: =AJ32*AJ34 | AK27: =SUM(AG27:AJ27) | AL27: =AL32*AL34 | AM27: =AM32*AM34 | AN27: =AN32*AN34 | AO27: =AO32*AO34 | AP27: =SUM(AL27:AO27)
B28: Q/Q Total Subscription Revenue growth, % | P28: =P27/O27-1 | R28: =R27/P27-1 | S28: =S27/Q27-1 | T28: =T27/R27-1 | U28: =U27/S27-1 | W28: =W27/U27-1 | X28: =X27/V27-1 | Y28: =Y27/W27-1 | Z28: =Z27/X27-1 | AB28: =AB27/Z27-1 | AC28: =AC27/AA27-1 | AD28: =AD27/AB27-1 | AE28: =AE27/AC27-1 | AG28: =AG27/AE27-1 | AH28: =AH27/AF27-1 | AI28: =AI27/AG27-1 | AJ28: =AJ27/AH27-1 | AL28: =AL27/AJ27-1 | AM28: =AM27/AK27-1 | AN28: =AN27/AL27-1 | AO28: =AO27/AM27-1
B29: Y/Y Total Subscription Revenue growth, % | T29: =T27/O27-1 | U29: =U27/P27-1 | V29: =V27/Q27-1 | W29: =W27/R27-1 | X29: =X27/S27-1 | Y29: =Y27/T27-1 | Z29: =Z27/U27-1 | AA29: =AA27/V27-1 | ... AP29: =AP27/AK27-1
B30: Total Subscription Revenue, % of Total Revenue | O30: =O27/O42 | P30: =P27/P42 | Q30: =Q27/Q42 | R30: =R27/R42 | S30: =S27/S42 | T30: =T27/T42 | U30: =U27/U42 | V30: =V27/V42 | ... AP30: =AP27/AP42
B32: Average Revenue per Subscriber | O32: =O27/O34 | P32: =P27/P34 | Q32: =Q27/Q34 | R32: =R27/R34 | S32: =S27/S34 | T32: =T27/T34 | U32: =U27/U34 | V32: =V27/V34 | ... AA32: =AA27/AA34 | AB32: 10 | AC32: 10 | AD32: 10 | AE32: 10 | AF32: =AF27/AF34 | AG32: 11 | AH32: 11 | AI32: 11 | AJ32: 11 | AK32: =AK27/AK34 | AL32: 12 | AM32: 12 | AN32: 12 | AO32: 12 | AP32: =AP27/AP34
B34: SNAP+ subscribers, millions of subscribers | J34: 1.5 | K34: 2 | L34: =K34 | M34: 3 | N34: 4 | O34: 5 | P34: 7 | Q34: =P34 | R34: 9 | S34: 11 | T34: 12 | U34: 14 | V34: =U34 | W34: 15 | X34: 16 | Y34: 17 | Z34: 24 | AA34: =Z34 | AB34: =AB10*AB37 | AC34: =AC10*AC37 | AD34: =AD10*AD37 | AE34: =AE10*AE37 | AF34: =AE34 | AG34: =AG10*AG37 | AH34: =AH10*AH37 | AI34: =AI10*AI37 | AJ34: =AJ10*AJ37 | AK34: =AJ34 | AL34: =AL10*AL37 | AM34: =AM10*AM37 | AN34: =AN10*AN37 | AO34: =AO10*AO37 | AP34: =AO34
B35: Q/Q SNAP+ subscribers growth, % | K35: =K34/J34-1 | M35: =M34/L34-1 | N35: =N34/M34-1 | O35: =O34/N34-1 | P35: =P34/O34-1 | R35: =R34/Q34-1 | S35: =S34/R34-1 | T35: =T34/S34-1 | U35: =U34/T34-1 | W35: =W34/V34-1 | X35: =X34/W34-1 | Y35: =Y34/X34-1 | Z35: =Z34/Y34-1 | AB35: =AB34/AA34-1 | AC35: =AC34/AB34-1 | AD35: =AD34/AC34-1 | AE35: =AE34/AD34-1 | AG35: =AG34/AF34-1 | AH35: =AH34/AG34-1 | AI35: =AI34/AH34-1 | AJ35: =AJ34/AI34-1 | AL35: =AL34/AK34-1 | AM35: =AM34/AL34-1 | AN35: =AN34/AM34-1 | AO35: =AO34/AN34-1
B36: Y/Y SNAP+ subscribers growth, % | O36: =O34/J34-1 | P36: =P34/K34-1 | Q36: =Q34/L34-1 | R36: =R34/M34-1 | S36: =S34/N34-1 | T36: =T34/O34-1 | U36: =U34/P34-1 | V36: =V34/Q34-1 | ... AP36: =AP34/AK34-1
B37: % of SNAP+ subscribers compared to DAU | J37: =J34/J10 | K37: =K34/K10 | L37: =L34/L10 | M37: =M34/M10 | N37: =N34/N10 | O37: =O34/O10 | P37: =P34/P10 | Q37: =Q34/Q10 | ... AA37: =AA34/AA10 | AB37: 0.055 | AC37: 0.055 | AD37: 0.055 | AE37: 0.055 | AF37: =AF34/AF10 | AG37: 0.065 | AH37: 0.065 | AI37: 0.065 | AJ37: 0.065 | AK37: =AK34/AK10 | AL37: 0.075 | AM37: 0.075 | AN37: 0.075 | AO37: 0.075 | AP37: =AP34/AP10
B39: North America Revenue, mm | C39: 552.972 | D39: 701.735 | E39: 786.917 | F39: 932.077 | G39: =SUM(C39,D39,E39,F39) | H39: 758.261 | I39: 785.681 | J39: 811.602 | K39: 880.31 | L39: =SUM(H39,I39,J39,K39) | M39: 639.896 | N39: 686.829 | O39: 786.154 | P39: 899.542 | Q39: =SUM(M39,N39,O39,P39) | R39: 743.131 | S39: 767.56 | T39: 857.621 | U39: 968.943 | V39: =SUM(R39,S39,T39,U39) | W39: 831.691 | X39: 820.6 | Y39: 897.814 | Z39: 1025.498 | AA39: =SUM(W39,X39,Y39,Z39)
B40: Europe Revenue, mm | C40: 113.619 | D40: 152.268 | E40: 153.121 | F40: 208.912 | G40: =SUM(C40,D40,E40,F40) | H40: 162.132 | I40: 170.097 | J40: 161.396 | K40: 218.552 | L40: =SUM(H40,I40,J40,K40) | M40: 157.76 | N40: 182.109 | O40: 200.272 | P40: 238.253 | Q40: =SUM(M40,N40,O40,P40) | R40: 195.844 | S40: 229.835 | T40: 248.902 | U40: 287.031 | V40: =SUM(R40,S40,T40,U40) | W40: 224.015 | X40: 265.343 | Y40: 297.95 | Z40: 341.134 | AA40: =SUM(W40,X40,Y40,Z40)
B41: Rest of World Revenue, mm | C41: 102.993 | D41: 128.105 | E41: 127.433 | F41: 156.896 | G41: =SUM(C41,D41,E41,F41) | H41: 142.334 | I41: 155.131 | J41: 155.478 | K41: 200.873 | L41: =SUM(H41,I41,J41,K41) | M41: 190.952 | N41: 198.731 | O41: 202.125 | P41: 223.492 | Q41: =SUM(M41,N41,O41,P41) | R41: 255.798 | S41: 239.373 | T41: 266.051 | U41: 301.309 | V41: =SUM(R41,S41,T41,U41) | W41: 307.511 | X41: 258.987 | Y41: 311.075 | Z41: 349.829 | AA41: =SUM(W41,X41,Y41,Z41)
B42: Total Revenue, mm | C42: =SUM(C39:C41) | D42: =SUM(D39:D41) | E42: =SUM(E39:E41) | F42: =SUM(F39:F41) | G42: =SUM(G39:G41) | H42: =SUM(H39:H41) | I42: =SUM(I39:I41) | J42: =SUM(J39:J41) | ... AA42: =SUM(AA39:AA41) | AB42: =AB27+AB15 | AC42: =AC27+AC15 | AD42: =AD27+AD15 | AE42: =AE27+AE15 | AF42: =AF27+AF15 | AG42: =AG27+AG15 | AH42: =AH27+AH15 | AI42: =AI27+AI15 | ... AP42: =AP27+AP15
B43: Q/Q Total Revenue growth, % | D43: =D42/C42-1 | E43: =E42/D42-1 | F43: =F42/E42-1 | H43: =H42/F42-1 | I43: =I42/G42-1 | J43: =J42/H42-1 | K43: =K42/I42-1 | M43: =M42/K42-1 | N43: =N42/L42-1 | O43: =O42/M42-1 | P43: =P42/N42-1 | R43: =R42/P42-1 | S43: =S42/Q42-1 | T43: =T42/R42-1 | U43: =U42/S42-1 | W43: =W42/U42-1 | X43: =X42/V42-1 | Y43: =Y42/W42-1 | Z43: =Z42/X42-1 | AB43: =AB42/Z42-1 | AC43: =AC42/AA42-1 | AD43: =AD42/AB42-1 | AE43: =AE42/AC42-1 | AG43: =AG42/AE42-1 | AH43: =AH42/AF42-1 | AI43: =AI42/AG42-1 | AJ43: =AJ42/AH42-1 | AL43: =AL42/AJ42-1 | AM43: =AM42/AK42-1 | AN43: =AN42/AL42-1 | AO43: =AO42/AM42-1
B44: Y/Y Total Revenue growth, % | H44: =H42/C42-1 | I44: =I42/D42-1 | J44: =J42/E42-1 | K44: =K42/F42-1 | L44: =L42/G42-1 | M44: =M42/H42-1 | N44: =N42/I42-1 | O44: =O42/J42-1 | ... AP44: =AP42/AK42-1

Sheet Income Statement
B2: Snap Inc. (SNAP)
B3: Income Statement ($mm unless noted otherwise) | C3: 44256 | D3: =EOMONTH(C3,3) | E3: =EOMONTH(D3,3) | F3: =EOMONTH(E3,3) | G3: 44531 | H3: =EOMONTH(F3,3) | I3: =EOMONTH(H3,3) | J3: =EOMONTH(I3,3) | K3: =EOMONTH(J3,3) | L3: =EOMONTH(G3,12) | M3: =EOMONTH(K3,3) | N3: =EOMONTH(M3,3) | O3: =EOMONTH(N3,3) | P3: =EOMONTH(O3,3) | Q3: =EOMONTH(L3,12) | R3: =EOMONTH(M3,12) | S3: =EOMONTH(N3,12) | T3: =EOMONTH(O3,12) | U3: =EOMONTH(P3,12) | V3: =EOMONTH(Q3,12) | W3: =EOMONTH(R3,12) | X3: =EOMONTH(S3,12) | ... AA3: =EOMONTH(V3,12) | AB3: =EOMONTH(Z3,3) | AC3: =EOMONTH(AB3,3) | AD3: =EOMONTH(AC3,3) | AE3: =EOMONTH(AD3,3) | AF3: =EOMONTH(AA3,12) | AG3: =EOMONTH(AE3,3) | AH3: =EOMONTH(AG3,3) | AI3: =EOMONTH(AH3,3) | AJ3: =EOMONTH(AI3,3) | AK3: =EOMONTH(AF3,12) | AL3: =EOMONTH(AJ3,3) | AM3: =EOMONTH(AL3,3) | AN3: =EOMONTH(AM3,3) | AO3: =EOMONTH(AN3,3) | AP3: =EOMONTH(AK3,12)
C4: Q1-2021 | D4: =CONCATENATE("Q2","-",RIGHT(C4,4)) | E4: =CONCATENATE("Q3","-",RIGHT(D4,4)) | F4: =CONCATENATE("Q4","-",RIGHT(E4,4)) | G4: FY2021A | H4: Q1-2022 | I4: =CONCATENATE("Q2","-",RIGHT(H4,4)) | J4: =CONCATENATE("Q3","-",RIGHT(I4,4)) | K4: =CONCATENATE("Q4","-",RIGHT(J4,4)) | L4: FY2022A | M4: Q1-2023 | N4: Q2-2023 | O4: Q3-2023 | P4: Q4-2023 | Q4: FY2023A | R4: Q1-2024 | S4: =CONCATENATE("Q2","-",RIGHT(R4,4)) | T4: =CONCATENATE("Q3","-",RIGHT(S4,4)) | U4: =CONCATENATE("Q4","-",RIGHT(T4,4)) | V4: FY2024A | W4: Q1-2025 | X4: =CONCATENATE("Q2","-",RIGHT(W4,4)) | Y4: =CONCATENATE("Q3","-",RIGHT(X4,4)) | Z4: =CONCATENATE("Q4","-",RIGHT(Y4,4)) | AA4: FY2025A | AB4: Q1-2026 | AC4: =CONCATENATE("Q2","-",RIGHT(AB4,4)) | AD4: =CONCATENATE("Q3","-",RIGHT(AC4,4)) | AE4: =CONCATENATE("Q4","-",RIGHT(AD4,4)) | AF4: FY2026E | AG4: Q1-2027 | AH4: =CONCATENATE("Q2","-",RIGHT(AG4,4)) | AI4: =CONCATENATE("Q3","-",RIGHT(AH4,4)) | AJ4: =CONCATENATE("Q4","-",RIGHT(AI4,4)) | AK4: FY2027E | AL4: Q1-2028 | AM4: =CONCATENATE("Q2","-",RIGHT(AL4,4)) | AN4: =CONCATENATE("Q3","-",RIGHT(AM4,4)) | AO4: =CONCATENATE("Q4","-",RIGHT(AN4,4)) | AP4: FY2028E
B7: Total Revenue | C7: ='Revenue Build '!C42 | D7: ='Revenue Build '!D42 | E7: ='Revenue Build '!E42 | F7: ='Revenue Build '!F42 | G7: ='Revenue Build '!G42 | H7: ='Revenue Build '!H42 | I7: ='Revenue Build '!I42 | J7: ='Revenue Build '!J42 | ... AP7: ='Revenue Build '!AP42
B8: Q/Q Total Revenue growth, % | D8: =D7/C7-1 | E8: =E7/D7-1 | F8: =F7/E7-1 | H8: =H7/F7-1 | I8: =I7/G7-1 | J8: =J7/H7-1 | K8: =K7/I7-1 | M8: =M7/K7-1 | N8: =N7/L7-1 | O8: =O7/M7-1 | P8: =P7/N7-1 | R8: =R7/P7-1 | S8: =S7/Q7-1 | T8: =T7/R7-1 | U8: =U7/S7-1 | W8: =W7/U7-1 | X8: =X7/V7-1 | Y8: =Y7/W7-1 | Z8: =Z7/X7-1 | AB8: =AB7/Z7-1 | AC8: =AC7/AA7-1 | AD8: =AD7/AB7-1 | AE8: =AE7/AC7-1 | AG8: =AG7/AE7-1 | AH8: =AH7/AF7-1 | AI8: =AI7/AG7-1 | AJ8: =AJ7/AH7-1 | AL8: =AL7/AJ7-1 | AM8: =AM7/AK7-1 | AN8: =AN7/AL7-1 | AO8: =AO7/AM7-1
B9: Y/Y Total Revenue growth, % | H9: =H7/C7-1 | I9: =I7/D7-1 | J9: =J7/E7-1 | K9: =K7/F7-1 | L9: =L7/G7-1 | M9: =M7/H7-1 | N9: =N7/I7-1 | O9: =O7/J7-1 | ... AP9: =AP7/AK7-1
B11: Cost of Revenue | C11: 412.601 | D11: 445.021 | E11: 443.473 | F11: =+G11-SUM(C11,D11,E11) | G11: 1750.246 | H11: 420.897 | I11: 446.377 | J11: 466.757 | K11: =+L11-SUM(H11,I11,J11) | L11: 1815.342 | M11: 439.986 | N11: 496.874 | O11: 555.753 | P11: =+Q11-SUM(M11,N11,O11) | Q11: 2114.117 | R11: 574.749 | S11: 588.921 | T11: 638.907 | U11: =+V11-SUM(R11,S11,T11) | V11: 2474.237 | W11: 639.579 | X11: 653.333 | Y11: 674.22 | Z11: =+AA11-SUM(W11,X11,Y11) | AA11: 2669.575
B12: Gross Profit | C12: =C7-C11 | D12: =D7-D11 | E12: =E7-E11 | F12: =F7-F11 | G12: =G7-G11 | H12: =H7-H11 | I12: =I7-I11 | J12: =J7-J11 | ... AA12: =AA7-AA11 | AB12: =AB7*AB13 | AC12: =AC7*AC13 | AD12: =AD7*AD13 | AE12: =AE7*AE13 | AF12: =SUM(AB12:AE12) | AG12: =AG7*AG13 | AH12: =AH7*AH13 | AI12: =AI7*AI13 | AJ12: =AJ7*AJ13 | AK12: =SUM(AG12:AJ12) | AL12: =AL7*AL13 | AM12: =AM7*AM13 | AN12: =AN7*AN13 | AO12: =AO7*AO13 | AP12: =SUM(AL12:AO12)
B13: Gross Margin, % | C13: =C12/C7 | D13: =D12/D7 | E13: =E12/E7 | F13: =F12/F7 | G13: =G12/G7 | H13: =H12/H7 | I13: =I12/I7 | J13: =J12/J7 | ... AA13: =AA12/AA7 | AB13: 0.55 | AC13: 0.55 | AD13: 0.55 | AE13: 0.55 | AF13: =AF12/AF7 | AG13: 0.55 | AH13: 0.55 | AI13: 0.55 | AJ13: 0.55 | AK13: =AK12/AK7 | AL13: 0.55 | AM13: 0.55 | AN13: 0.55 | AO13: 0.55 | AP13: =AP12/AP7
B15: Research & Development | C15: 348.58 | D15: 370.671 | E15: 412.021 | F15: =+G15-SUM(C15,D15,E15) | G15: 1565.467 | H15: 455.563 | I15: 505.037 | J15: 564.258 | K15: =+L15-SUM(H15,I15,J15) | L15: 2109.8 | M15: 455.112 | N15: 477.663 | O15: 494.559 | P15: =+Q15-SUM(M15,N15,O15) | Q15: 1910.862 | R15: 449.759 | S15: 406.196 | T15: 412.791 | U15: =+V15-SUM(R15,S15,T15) | V15: 1691.683 | W15: 424.165 | X15: 443.325 | Y15: 453.418 | Z15: =+AA15-SUM(W15,X15,Y15) | AA15: 1793.601 | AB15: =AB7*AB16 | AC15: =AC7*AC16 | AD15: =AD7*AD16 | AE15: =AE7*AE16 | AF15: =SUM(AB15:AE15) | AG15: =AG7*AG16 | AH15: =AH7*AH16 | AI15: =AI7*AI16 | AJ15: =AJ7*AJ16 | AK15: =SUM(AG15:AJ15) | AL15: =AL7*AL16 | AM15: =AM7*AM16 | AN15: =AN7*AN16 | AO15: =AO7*AO16 | AP15: =SUM(AL15:AO15)
B16: % of Total Revenue | C16: =C15/C7 | D16: =D15/D7 | E16: =E15/E7 | F16: =F15/F7 | G16: =G15/G7 | H16: =H15/H7 | I16: =I15/I7 | J16: =J15/J7 | ... AA16: =AA15/AA7 | AB16: 0.3 | AC16: 0.3 | AD16: 0.3 | AE16: 0.3 | AF16: =AF15/AF7 | AG16: 0.27 | AH16: 0.27 | AI16: 0.27 | AJ16: 0.27 | AK16: =AK15/AK7 | AL16: 0.25 | AM16: 0.25 | AN16: 0.25 | AO16: 0.25 | AP16: =AP15/AP7
B18: Sales & Marketing | C18: 150.286 | D18: 179.724 | E18: 217.526 | F18: =+G18-SUM(C18,D18,E18) | G18: 792.764 | H18: 241.886 | I18: 311.374 | J18: 270.336 | K18: =+L18-SUM(H18,I18,J18) | L18: 1118.746 | M18: 268.433 | N18: 280.597 | O18: 297.251 | P18: =+Q18-SUM(M18,N18,O18) | Q18: 1122.092 | R18: 276.034 | S18: 266.32 | T18: 273.107 | U18: =+V18-SUM(R18,S18,T18) | V18: 1063.675 | W18: 257.957 | X18: 257.853 | Y18: 256.215 | Z18: =+AA18-SUM(W18,X18,Y18) | AA18: 1021.305 | AB18: =AB7*AB19 | AC18: =AC7*AC19 | AD18: =AD7*AD19 | AE18: =AE7*AE19 | AF18: =SUM(AB18:AE18) | AG18: =AG7*AG19 | AH18: =AH7*AH19 | AI18: =AI7*AI19 | AJ18: =AJ7*AJ19 | AK18: =SUM(AG18:AJ18) | AL18: =AL7*AL19 | AM18: =AM7*AM19 | AN18: =AN7*AN19 | AO18: =AO7*AO19 | AP18: =SUM(AL18:AO18)
B19: % of Total Revenue | C19: =C18/C7 | D19: =D18/D7 | E19: =E18/E7 | F19: =F18/F7 | G19: =G18/G7 | H19: =H18/H7 | I19: =I18/I7 | J19: =J18/J7 | ... AA19: =AA18/AA7 | AB19: 0.16 | AC19: 0.16 | AD19: 0.16 | AE19: 0.16 | AF19: =AF18/AF7 | AG19: 0.15 | AH19: 0.15 | AI19: 0.15 | AJ19: 0.15 | AK19: =AK18/AK7 | AL19: 0.14 | AM19: 0.14 | AN19: 0.14 | AO19: 0.14 | AP19: =AP18/AP7
B21: General & Administrative | C21: 161.723 | D21: 179.204 | E21: 175.275 | F21: =+G21-SUM(C21,D21,E21) | G21: 710.64 | H21: 215.908 | I21: 249.061 | J21: 262.367 | K21: =+L21-SUM(H21,I21,J21) | L21: 953.265 | M21: 190.341 | N21: 216.874 | O21: 221.051 | P21: =+Q21-SUM(M21,N21,O21) | Q21: 857.423 | R21: 227.463 | S21: 229.306 | T21: 220.979 | U21: =+V21-SUM(R21,S21,T21) | V21: 919.097 | W21: 235.362 | X21: 250.095 | Y21: 251.348 | Z21: =+AA21-SUM(W21,X21,Y21) | AA21: 979.133 | AB21: =AB7*AB22 | AC21: =AC7*AC22 | AD21: =AD7*AD22 | AE21: =AE7*AE22 | AF21: =SUM(AB21:AE21) | AG21: =AG7*AG22 | AH21: =AH7*AH22 | AI21: =AI7*AI22 | AJ21: =AJ7*AJ22 | AK21: =SUM(AG21:AJ21) | AL21: =AL7*AL22 | AM21: =AM7*AM22 | AN21: =AN7*AN22 | AO21: =AO7*AO22 | AP21: =SUM(AL21:AO21)
B22: % of Total Revenue | C22: =C21/C7 | D22: =D21/D7 | E22: =E21/E7 | F22: =F21/F7 | G22: =G21/G7 | H22: =H21/H7 | I22: =I21/I7 | J22: =J21/J7 | ... AA22: =AA21/AA7 | AB22: 0.16 | AC22: 0.16 | AD22: 0.16 | AE22: 0.16 | AF22: =AF21/AF7 | AG22: 0.15 | AH22: 0.15 | AI22: 0.15 | AJ22: 0.15 | AK22: =AK21/AK7 | AL22: 0.14 | AM22: 0.14 | AN22: 0.14 | AO22: 0.14 | AP22: =AP21/AP7
B24: Operating Income | C24: =C12-C15-C18-C21 | D24: =D12-D15-D18-D21 | E24: =E12-E15-E18-E21 | F24: =F12-F15-F18-F21 | G24: =G12-G15-G18-G21 | H24: =H12-H15-H18-H21 | I24: =I12-I15-I18-I21 | J24: =J12-J15-J18-J21 | ... AP24: =AP12-AP15-AP18-AP21
B25: Operating Margin, % | C25: =C24/C7 | D25: =D24/D7 | E25: =E24/E7 | F25: =F24/F7 | G25: =G24/G7 | H25: =H24/H7 | I25: =I24/I7 | J25: =J24/J7 | ... AP25: =AP24/AP7
B27: Net Interest Income / (expense) | C27: -3.894 | D27: -3.313 | E27: -2.774 | F27: -2.496 | G27: -12.477 | H27: -2.05 | I27: 2.782 | J27: 13.02 | K27: 23.386 | L27: 37.138 | M27: 32.063 | N27: 37.801 | O27: 38.318 | P27: 38.188 | Q27: 146.37 | R27: 35.155 | S27: 31.349 | T27: 32.65 | U27: 32.76 | V27: 131.914 | W27: 13.619 | X27: 5.592 | Y27: -2.239 | Z27: -4.811 | AA27: 12.161 | AB27: =AB7*AB28 | AC27: =AC7*AC28 | AD27: =AD7*AD28 | AE27: =AE7*AE28 | AF27: =SUM(AB27:AE27) | AG27: =AG7*AG28 | AH27: =AH7*AH28 | AI27: =AI7*AI28 | AJ27: =AJ7*AJ28 | AK27: =SUM(AG27:AJ27) | AL27: =AL7*AL28 | AM27: =AM7*AM28 | AN27: =AN7*AN28 | AO27: =AO7*AO28 | AP27: =SUM(AL27:AO27)
B28: % of Total Revenue | C28: =C27/C7 | D28: =D27/D7 | E28: =E27/E7 | F28: =F27/F7 | G28: =G27/G7 | H28: =H27/H7 | I28: =I27/I7 | J28: =J27/J7 | ... AA28: =AA27/AA7 | AB28: 0.015 | AC28: 0.015 | AD28: 0.015 | AE28: 0.015 | AF28: =AF27/AF7 | AG28: 0.015 | AH28: 0.015 | AI28: 0.015 | AJ28: 0.015 | AK28: =AK27/AK7 | AL28: 0.015 | AM28: 0.015 | AN28: 0.015 | AO28: 0.015 | AP28: =AP27/AP7
B30: Other Income | C30: 22.058 | D30: 42.282 | E30: 112.631 | F30: =+G30-SUM(C30,D30,E30) | G30: 240.175 | H30: -77.537 | I30: -16.91 | J30: 71.961 | K30: =+L30-SUM(H30,I30,J30) | L30: -42.529 | M30: 11.372 | N30: 1.323 | O30: -20.662 | P30: =+Q30-SUM(M30,N30,O30) | Q30: -42.414 | R30: -0.081 | S30: -20.792 | T30: -4.355 | U30: =+V30-SUM(R30,S30,T30) | V30: -16.846 | W30: 49.069 | X30: -0.823 | Y30: 27.57 | Z30: =+AA30-SUM(W30,X30,Y30) | AA30: 68.87 | AB30: =AB7*AB31 | AC30: =AC7*AC31 | AD30: =AD7*AD31 | AE30: =AE7*AE31 | AF30: =SUM(AB30:AE30) | AG30: =AG7*AG31 | AH30: =AH7*AH31 | AI30: =AI7*AI31 | AJ30: =AJ7*AJ31 | AK30: =SUM(AG30:AJ30) | AL30: =AL7*AL31 | AM30: =AM7*AM31 | AN30: =AN7*AN31 | AO30: =AO7*AO31 | AP30: =SUM(AL30:AO30)
B31: % of Total Revenue | C31: =C30/C7 | D31: =D30/D7 | E31: =E30/E7 | F31: =F30/F7 | G31: =G30/G7 | H31: =H30/H7 | I31: =I30/I7 | J31: =J30/J7 | ... AA31: =AA30/AA7 | AB31: 0.01 | AC31: 0.01 | AD31: 0.01 | AE31: 0.01 | AF31: =AF30/AF7 | AG31: 0.01 | AH31: 0.01 | AI31: 0.01 | AJ31: 0.01 | AK31: =AK30/AK7 | AL31: 0.01 | AM31: 0.01 | AN31: 0.01 | AO31: 0.01 | AP31: =AP30/AP7
B33: Pre-tax Income | C33: =C24+C27+C30 | D33: =D24+D27+D30 | E33: =E24+E27+E30 | F33: =F24+F27+F30 | G33: =G24+G27+G30 | H33: =H24+H27+H30 | I33: =I24+I27+I30 | J33: =J24+J27+J30 | ... AP33: =AP24+AP27+AP30
B35: Provision / (benefit) for Income Taxes | C35: -1.44 | D35: 1.879 | E35: -0.992 | F35: =+G35-SUM(C35,D35,E35) | G35: -13.584 | H35: -8.51 | I35: -6.999 | J35: -9.241 | K35: =+L35-SUM(H35,I35,J35) | L35: -28.956 | M35: -6.845 | N35: -12.093 | O35: -5.849 | P35: =+Q35-SUM(M35,N35,O35) | Q35: -28.062 | R35: -6.932 | S35: -5.202 | T35: -8.332 | U35: =+V35-SUM(R35,S35,T35) | V35: -25.63 | W35: -8.429 | X35: -7.663 | Y35: -0.51 | Z35: =+AA35-SUM(W35,X35,Y35) | AA35: -9.353 | AB35: =AB33*AB36 | AC35: =AC33*AC36 | AD35: =AD33*AD36 | AE35: =AE33*AE36 | AF35: =SUM(AB35:AE35) | AG35: =AG33*AG36 | AH35: =AH33*AH36 | AI35: =AI33*AI36 | AJ35: =AJ33*AJ36 | AK35: =SUM(AG35:AJ35) | AL35: =AL33*AL36 | AM35: =AM33*AM36 | AN35: =AN33*AN36 | AO35: =AO33*AO36 | AP35: =SUM(AL35:AO35)
B36: Tax Rate, % | C36: =C35/C33 | D36: =D35/D33 | E36: =E35/E33 | F36: =F35/F33 | G36: =G35/G33 | H36: =H35/H33 | I36: =I35/I33 | J36: =J35/J33 | ... AA36: =AA35/AA33 | AB36: 0.02 | AC36: 0.02 | AD36: 0.02 | AE36: 0.02 | AF36: =AF35/AF33 | AG36: 0.02 | AH36: 0.02 | AI36: 0.02 | AJ36: 0.02 | AK36: =AK35/AK33 | AL36: 0.02 | AM36: 0.02 | AN36: 0.02 | AO36: 0.02 | AP36: =AP35/AP33
B38: Net Income | C38: =C33+C35 | D38: =D33+D35 | E38: =E33+E35 | F38: =F33+F35 | G38: =G33+G35 | H38: =H33+H35 | I38: =I33+I35 | J38: =J33+J35 | ... AP38: =AP33+AP35
B40: EPS (Basic), $ | C40: =C38/C43 | D40: =D38/D43 | E40: =E38/E43 | F40: =F38/F43 | G40: =G38/G43 | H40: =H38/H43 | I40: =I38/I43 | J40: =J38/J43 | ... AP40: =AP38/AP43
B41: EPS (Diluted), $ | C41: =C38/C46 | D41: =D38/D46 | E41: =E38/E46 | F41: =F38/F46 | G41: =G38/G46 | H41: =H38/H46 | I41: =I38/I46 | J41: =J38/J46 | ... AP41: =AP38/AP46
B43: Basic Weighted Average Shares | C43: 1501.6 | D43: 1547.2 | E43: 1581 | F43: 1604.778 | G43: 1558.997 | H43: 1619.113 | I43: 1632.14 | J43: 1608.523 | K43: 1573.883 | L43: 1608.304 | M43: 1581.37 | N43: 1603.172 | O43: 1625.917 | P43: 1638.714 | Q43: 1612.504 | R43: 1647.387 | S43: 1644.736 | T43: 1663.011 | U43: 1681.16 | V43: 1659.147 | W43: 1696.353 | X43: 1674.854 | Y43: 1696.542 | Z43: 1710.465 | AA43: 1694.598 | AB43: =W43*(1+AB45) | AC43: =X43*(1+AC45) | AD43: =Y43*(1+AD45) | AE43: =Z43*(1+AE45) | AF43: =AVERAGE(AB43:AE43) | AG43: =AB43*(1+AG45) | AH43: =AC43*(1+AH45) | AI43: =AD43*(1+AI45) | AJ43: =AE43*(1+AJ45) | AK43: =AVERAGE(AG43:AJ43) | AL43: =AG43*(1+AL45) | AM43: =AH43*(1+AM45) | AN43: =AI43*(1+AN45) | AO43: =AJ43*(1+AO45) | AP43: =AVERAGE(AL43:AO43)
B44: Q/Q Basic Weighted Average Shares growth, % | D44: =D43/C43-1 | E44: =E43/D43-1 | F44: =F43/E43-1 | H44: =H43/F43-1 | I44: =I43/G43-1 | J44: =J43/H43-1 | K44: =K43/I43-1 | M44: =M43/K43-1 | N44: =N43/L43-1 | O44: =O43/M43-1 | P44: =P43/N43-1 | R44: =R43/P43-1 | S44: =S43/Q43-1 | T44: =T43/R43-1 | U44: =U43/S43-1 | W44: 0.009 | X44: 0.047 | Y44: -0.007 | Z44: -0.036 | AB44: =AB43/Z43-1 | AC44: =AC43/AB43-1 | AD44: =AD43/AC43-1 | AE44: =AE43/AD43-1 | AG44: =AG43/AE43-1 | AH44: =AH43/AG43-1 | AI44: =AI43/AH43-1 | AJ44: =AJ43/AI43-1 | AL44: =AL43/AJ43-1 | AM44: =AM43/AL43-1 | AN44: =AN43/AM43-1 | AO44: =AO43/AN43-1
B45: Y/Y Basic Weigted Average Shares growth, % | H45: =H43/C43-1 | I45: =I43/D43-1 | J45: =J43/E43-1 | K45: =K43/F43-1 | L45: =L43/G43-1 | M45: =M43/H43-1 | N45: =N43/I43-1 | O45: =O43/J43-1 | ... AA45: =AA43/V43-1 | AB45: 0.015 | AC45: 0.015 | AD45: 0.015 | AE45: 0.015 | AF45: =AF43/AA43-1 | AG45: 0.015 | AH45: 0.015 | AI45: 0.015 | AJ45: 0.015 | AK45: =AK43/AF43-1 | AL45: 0.015 | AM45: 0.015 | AN45: 0.015 | AO45: 0.015 | AP45: =AP43/AK43-1
B46: Diluted Weighted Average Shares | C46: 1501.6 | D46: 1547.2 | E46: 1581 | F46: 1604.778 | G46: 1558.997 | H46: 1619.113 | I46: 1632.14 | J46: 1608.523 | K46: 1573.883 | L46: 1608.304 | M46: 1581.37 | N46: 1603.172 | O46: 1625.917 | P46: 1638.714 | Q46: 1612.504 | R46: 1647.387 | S46: 1644.736 | T46: 1663.011 | U46: 1681.16 | V46: 1659.147 | W46: 1696.353 | X46: 1674.854 | Y46: 1696.542 | Z46: 1710.465 | AA46: 1694.598 | AB46: =W46*(1+AB48) | AC46: =X46*(1+AC48) | AD46: =Y46*(1+AD48) | AE46: =Z46*(1+AE48) | AF46: =AVERAGE(AB46:AE46) | AG46: =AB46*(1+AG48) | AH46: =AC46*(1+AH48) | AI46: =AD46*(1+AI48) | AJ46: =AE46*(1+AJ48) | AK46: =AVERAGE(AG46:AJ46) | AL46: =AG46*(1+AL48) | AM46: =AH46*(1+AM48) | AN46: =AI46*(1+AN48) | AO46: =AJ46*(1+AO48) | AP46: =AVERAGE(AL46:AO46)
B47: Q/Q Diluted Weighted Average Shares growth, % | D47: =D46/C46-1 | E47: =E46/D46-1 | F47: =F46/E46-1 | H47: =H46/F46-1 | I47: =I46/G46-1 | J47: =J46/H46-1 | K47: =K46/I46-1 | M47: =M46/K46-1 | N47: =N46/L46-1 | O47: =O46/M46-1 | P47: =P46/N46-1 | R47: =R46/P46-1 | S47: =S46/Q46-1 | T47: =T46/R46-1 | U47: =U46/S46-1 | W47: 0.009 | X47: 0.047 | Y47: -0.007 | Z47: -0.036 | AB47: =AB46/Z46-1 | AC47: =AC46/AB46-1 | AD47: =AD46/AC46-1 | AE47: =AE46/AD46-1 | AG47: =AG46/AE46-1 | AH47: =AH46/AG46-1 | AI47: =AI46/AH46-1 | AJ47: =AJ46/AI46-1 | AL47: =AL46/AJ46-1 | AM47: =AM46/AL46-1 | AN47: =AN46/AM46-1 | AO47: =AO46/AN46-1
B48: Y/Y Diluted Weigted Average Shares growth, % | H48: =H46/C46-1 | I48: =I46/D46-1 | J48: =J46/E46-1 | K48: =K46/F46-1 | L48: =L46/G46-1 | M48: =M46/H46-1 | N48: =N46/I46-1 | O48: =O46/J46-1 | ... AA48: =AA46/V46-1 | AB48: 0.015 | AC48: 0.015 | AD48: 0.015 | AE48: 0.015 | AF48: =AF46/AA46-1 | AG48: 0.015 | AH48: 0.015 | AI48: 0.015 | AJ48: 0.015 | AK48: =AK46/AF46-1 | AL48: 0.015 | AM48: 0.015 | AN48: 0.015 | AO48: 0.015 | AP48: =AP46/AK46-1

Sheet Public Comparables
B3: SNAP Comps | C3: Overview | I3: EV/Rev | K3: EV/EBITDA | M3: P/E | O3: Drivers
B4: Ticker | C4: Market Cap | D4: Net Debt | E4: Total Enterprise Value | F4: LTM Total Revenue | G4: 1-yr Revenue Growth | H4: LTM EBITDA Margin | I4: LTM | J4: NTM | K4: LTM | L4: NTM | M4: NTM EPS | N4: NTM | O4: LTM Gross Margin | P4: ROIC
B5: Alphabet Inc. (NASDAQ: GOOG) | C5: 3652222 | D5: -59847 | E5: 3592375 | F5: 402836 | G5: 0.1509 | H5: 0.373 | I5: 8.9 | J5: 7.63 | K5: 23.1 | L5: 16.47 | M5: 11.57 | N5: 26.13 | O5: 0.597 | P5: 0.193
B6: Meta Platforms Inc. (NASDAQ: META) | C6: 1552413.5 | D6: 3489 | E6: 1555902.5 | F6: 4737.3 | G6: 0.2217 | H6: 0.507 | I6: 7.7 | J6: 6.2 | K6: 14.7 | L6: 10.97 | M6: 30.17 | N6: 20.34 | O6: 0.82 | P6: 0.195
B7: Reddit Inc. (NYSE: RDDT) | C7: 25285.5 | D7: -2453.6 | E7: 22831.9 | F7: 200966 | G7: 0.694 | H7: 0.208 | I7: 10.4 | J7: 7.27 | K7: 48.7 | L7: 17.21 | M7: 4.12 | N7: 32.14 | O7: 0.912 | P7: 0.108
B8: The Trade Desk Inc. (NASDAQ: TTD) | C8: 13013.2 | D8: -866.7 | E8: 12146.5 | F8: 2896.3 | G8: 0.13 | H8: 0.238 | I8: 4.2 | J8: 4.2 | K8: 15.5 | L8: 9.16 | M8: 2.06 | N8: 13.27 | O8: 0.786 | P8: 0.119
B9: Pinterest Inc. (NYSE: PINS) | C9: 11650.1 | D9: -2205.1 | E9: 9445 | F9: 4221.8 | G9: 0.1579 | H9: 0.082 | I9: 2.2 | J9: 1.97 | K9: 24.3 | L9: 6.76 | M9: 1.67 | N9: 10.9 | O9: 0.801 | P9: 0.04
B10: Min | C10: =MIN(C5:C9) | D10: =MIN(D5:D9) | E10: =MIN(E5:E9) | F10: =MIN(F5:F9) | G10: =MIN(G5:G9) | H10: =MIN(H5:H9) | I10: =MIN(I5:I9) | J10: =MIN(J5:J9) | ... P10: =MIN(P5:P9)
B11: 25th Percentile | C11: =_xlfn.PERCENTILE.EXC(C5:C9,0.25) | D11: =_xlfn.PERCENTILE.EXC(D5:D9,0.25) | E11: =_xlfn.PERCENTILE.EXC(E5:E9,0.25) | F11: =_xlfn.PERCENTILE.EXC(F5:F9,0.25) | G11: =_xlfn.PERCENTILE.EXC(G5:G9,0.25) | H11: =_xlfn.PERCENTILE.EXC(H5:H9,0.25) | I11: =_xlfn.PERCENTILE.EXC(I5:I9,0.25) | J11: =_xlfn.PERCENTILE.EXC(J5:J9,0.25) | ... P11: =_xlfn.PERCENTILE.EXC(P5:P9,0.25)
B12: Mean | C12: =AVERAGE(C5:C9) | D12: =AVERAGE(D5:D9) | E12: =AVERAGE(E5:E9) | F12: =AVERAGE(F5:F9) | G12: =AVERAGE(G5:G9) | H12: =AVERAGE(H5:H9) | I12: =AVERAGE(I5:I9) | J12: =AVERAGE(J5:J9) | ... P12: =AVERAGE(P5:P9)
B13: Median | C13: =MEDIAN(C5:C9) | D13: =MEDIAN(D5:D9) | E13: =MEDIAN(E5:E9) | F13: =MEDIAN(F5:F9) | G13: =MEDIAN(G5:G9) | H13: =MEDIAN(H5:H9) | I13: =MEDIAN(I5:I9) | J13: =MEDIAN(J5:J9) | ... P13: =MEDIAN(P5:P9)
B14: 75th Percentile | C14: =_xlfn.PERCENTILE.EXC(C5:C9,0.75) | D14: =_xlfn.PERCENTILE.EXC(D5:D9,0.75) | E14: =_xlfn.PERCENTILE.EXC(E5:E9,0.75) | F14: =_xlfn.PERCENTILE.EXC(F5:F9,0.75) | G14: =_xlfn.PERCENTILE.EXC(G5:G9,0.75) | H14: =_xlfn.PERCENTILE.EXC(H5:H9,0.75) | I14: =_xlfn.PERCENTILE.EXC(I5:I9,0.75) | J14: =_xlfn.PERCENTILE.EXC(J5:J9,0.75) | ... P14: =_xlfn.PERCENTILE.EXC(P5:P9,0.75)
B15: Max | C15: =MAX(C5:C9) | D15: =MAX(D5:D9) | E15: =MAX(E5:E9) | F15: =MAX(F5:F9) | G15: =MAX(G5:G9) | H15: =MAX(H5:H9) | I15: =MAX(I5:I9) | J15: =MAX(J5:J9) | ... P15: =MAX(P5:P9)
B17: NYSE: SNAP | C17: 7701.6 | D17: 1202.6 | E17: 8904.2 | F17: 5931.4 | G17: 0.1063 | H17: -0.062 | I17: 1.5 | J17: 1.33 | K17: NM | L17: 8.44 | M17: 0.5 | N17: 9.08 | O17: 0.55 | P17: -0.051
B21: SNAP Comps | C21: Overview | I21: EV/Rev | K21: Drivers
B22: Ticker | C22: Market Cap | D22: Net Debt | E22: Total Enterprise Value | F22: LTM Total Revenue | G22: 1-yr Revenue Growth | H22: LTM EBITDA Margin | I22: LTM | J22: NTM | K22: LTM Gross Margin | L22: ROIC
B23: Alphabet Inc. (NASDAQ: GOOG) | C23: 3652222 | D23: -59847 | E23: 3592375 | F23: 402836 | G23: 0.1509 | H23: 0.373 | I23: 8.9 | J23: 7.63 | K23: 0.597 | L23: 0.193
B24: Meta Platforms Inc. (NASDAQ: META) | C24: 1552413.5 | D24: 3489 | E24: 1555902.5 | F24: 4737.3 | G24: 0.2217 | H24: 0.507 | I24: 7.7 | J24: 6.2 | K24: 0.82 | L24: 0.195
B25: Reddit Inc. (NYSE: RDDT) | C25: 25285.5 | D25: -2453.6 | E25: 22831.9 | F25: 200966 | G25: 0.694 | H25: 0.208 | I25: 10.4 | J25: 7.27 | K25: 0.912 | L25: 0.108
B26: The Trade Desk Inc. (NASDAQ: TTD) | C26: 13013.2 | D26: -866.7 | E26: 12146.5 | F26: 2896.3 | G26: 0.13 | H26: 0.238 | I26: 4.2 | J26: 4.2 | K26: 0.786 | L26: 0.119
B27: Pinterest Inc. (NYSE: PINS) | C27: 11650.1 | D27: -2205.1 | E27: 9445 | F27: 4221.8 | G27: 0.1579 | H27: 0.082 | I27: 2.2 | J27: 1.97 | K27: 0.801 | L27: 0.04
B28: Min | C28: =MIN(C23:C27) | D28: =MIN(D23:D27) | E28: =MIN(E23:E27) | F28: =MIN(F23:F27) | G28: =MIN(G23:G27) | H28: =MIN(H23:H27) | I28: =MIN(I23:I27) | J28: =MIN(J23:J27) | ... L28: =MIN(L23:L27)
B29: 25th Percentile | C29: =_xlfn.PERCENTILE.EXC(C23:C27,0.25) | D29: =_xlfn.PERCENTILE.EXC(D23:D27,0.25) | E29: =_xlfn.PERCENTILE.EXC(E23:E27,0.25) | F29: =_xlfn.PERCENTILE.EXC(F23:F27,0.25) | G29: =_xlfn.PERCENTILE.EXC(G23:G27,0.25) | H29: =_xlfn.PERCENTILE.EXC(H23:H27,0.25) | I29: =_xlfn.PERCENTILE.EXC(I23:I27,0.25) | J29: =_xlfn.PERCENTILE.EXC(J23:J27,0.25) | ... L29: =_xlfn.PERCENTILE.EXC(L23:L27,0.25)
B30: Mean | C30: =AVERAGE(C23:C27) | D30: =AVERAGE(D23:D27) | E30: =AVERAGE(E23:E27) | F30: =AVERAGE(F23:F27) | G30: =AVERAGE(G23:G27) | H30: =AVERAGE(H23:H27) | I30: =AVERAGE(I23:I27) | J30: =AVERAGE(J23:J27) | ... L30: =AVERAGE(L23:L27)
B31: Median | C31: =MEDIAN(C23:C27) | D31: =MEDIAN(D23:D27) | E31: =MEDIAN(E23:E27) | F31: =MEDIAN(F23:F27) | G31: =MEDIAN(G23:G27) | H31: =MEDIAN(H23:H27) | I31: =MEDIAN(I23:I27) | J31: =MEDIAN(J23:J27) | ... L31: =MEDIAN(L23:L27)
B32: 75th Percentile | C32: =_xlfn.PERCENTILE.EXC(C23:C27,0.75) | D32: =_xlfn.PERCENTILE.EXC(D23:D27,0.75) | E32: =_xlfn.PERCENTILE.EXC(E23:E27,0.75) | F32: =_xlfn.PERCENTILE.EXC(F23:F27,0.75) | G32: =_xlfn.PERCENTILE.EXC(G23:G27,0.75) | H32: =_xlfn.PERCENTILE.EXC(H23:H27,0.75) | I32: =_xlfn.PERCENTILE.EXC(I23:I27,0.75) | J32: =_xlfn.PERCENTILE.EXC(J23:J27,0.75) | ... L32: =_xlfn.PERCENTILE.EXC(L23:L27,0.75)
B33: Max | C33: =MAX(C23:C27) | D33: =MAX(D23:D27) | E33: =MAX(E23:E27) | F33: =MAX(F23:F27) | G33: =MAX(G23:G27) | H33: =MAX(H23:H27) | I33: =MAX(I23:I27) | J33: =MAX(J23:J27) | ... L33: =MAX(L23:L27)
B35: NYSE: SNAP | C35: 7701.6 | D35: 1202.6 | E35: 8904.2 | F35: 5931.4 | G35: 0.1063 | H35: -0.062 | I35: 1.5 | J35: 1.33 | K35: 0.55 | L35: -0.051
B39: EV Based Multiples
B41: Calendar Date | C41: 2025 | D41: 2026 | E41: 2027 | F41: 2028
B43: Revenue | C43: ='Revenue Build '!AA42 | D43: ='Revenue Build '!AF42 | E43: ='Revenue Build '!AK42 | F43: ='Revenue Build '!AP42
B44: EV/Revenue | C44: 1.5 | D44: 1.33 | E44: 1.33 | F44: 1.33
B46: Implied EV | C46: =C43*C44 | D46: =D43*D44 | E46: =E43*E44 | F46: =F43*F44
B47: (-) Net Debt | C47: 1202.6 | D47: 1202.6 | E47: 1202.6 | F47: 1202.6
B48: SNAP Equity Value | C48: =C46-C47 | D48: =D46-D47 | E48: =E46-E47 | F48: =F46-F47
B50: (/) FDSO | C50: ='Income Statement'!AA46 | D50: ='Income Statement'!AF46 | E50: ='Income Statement'!AK46 | F50: ='Income Statement'!AP46
B52: SNAP Price Target | C52: =C48/C50 | D52: =D48/D50 | E52: =E48/E50 | F52: =F48/F50
B53: Upside/Downside, % | D53: =D52/C52-1 | E53: =E52/C52-1 | F53: =F52/C52-1
B54: IRR, % | D54: =(D52/C52)^(1/1)-1 | E54: =(E52/C52)^(1/2)-1 | F54: =(F52/C52)^(1/3)-1
B60: eps assumtion, project with p/e - to check if its in range
